Map: Nightscape LE

Players

Massa - Winner!

  • Race: Terran Terran
  • League: Platinum
  • Spawn Location: 1:00

qqq - Winner!

  • Race: Zerg Zerg
  • League: Platinum
  • Spawn Location: 1:00

Alximikkk

  • Race: Zerg Zerg
  • League: Platinum
  • Spawn Location: 7:00

Shpers

  • Race: Protoss Protoss
  • Spawn Location: 7:00

VOD

Have the link to the VOD?

Description

Time

  • Played on: Sept. 29, 2020, 4:55 p.m.
  • Length: 15:34
Show
View Real Time Build Order
Export as new Build Order

Massa Terran - Winner!

Build Orders:  

Get SALT Encoding   

  12  0:00  SCV  
  13  0:12  SCV  
  14  0:22  Supply Depot  
  14  0:24  SCV  
  15  0:44  SCV, Barracks  
  15  0:48  Refinery  
  16  0:56  SCV  
  17  1:01  Refinery  
  17  1:08  SCV  
  18  1:20  SCV  
  19  1:32  SCV  
  20  1:33  Marine  
  21  1:45  Factory  
  21  1:49  Orbital Command  
  21  1:53  Engineering Bay  
  21  1:54  Marine  
  22  2:10  Supply Depot  
  22  2:12  Marine  
  23  2:24  Supply Depot  
  23  2:28  Missile Turret  
  23  2:31  SCV  
  24  2:48  Hellion  
  26  2:51  SCV  
  26  2:54  Marine  
  28  3:09  Hellion  
  28  3:11  Marine  
  31  3:17  Supply Depot  
  31  3:30  Hellion  
  31  3:32  SCV  
  34  3:34  Terran Infantry Weapons Level 1  
  34  3:48  Command Center  
  34  3:49  Marine  
  34  3:52  Widow Mine  
  37  4:07  Marine  
  36  4:28  Widow Mine  
  32  4:42  Barracks Tech Lab  
  32  4:49  Starport, Widow Mine  
  32  4:50  Starport  
  34  5:02  Stimpack  
  34  5:04  Marauder  
  34  5:05  Orbital Command  
  36  5:08  SCV  
  37  5:20  SCV  
  34  5:25  Marauder  
  34  5:28  Terran Infantry Armor Level 1, Barracks  
  36  5:30  Starport Tech Lab x2  
  36  5:32  SCV  
  37  5:44  SCV  
  37  5:46  Marauder  
  40  5:55  Banshee x2, Bunker  
  46  5:57  Cloaking Field  
  46  6:08  Marauder  
  48  6:14  SCV x2  
  48  6:18  Barracks Tech Lab  
  42  6:26  SCV x2  
  41  6:35  Marauder  
  41  6:38  Banshee x2  
  47  6:42  Concussive Shells  
  43  6:58  Marauder  
  41  7:03  SCV x2  
  41  7:07  Factory Tech Lab  
  43  7:10  Marauder  
  43  7:15  SCV x2  
  46  7:17  Bunker  
  46  7:19  Marauder  
  46  7:21  Banshee x2  
  55  7:27  SCV  
  56  7:31  Marauder  
  58  7:44  Marine  
  58  7:48  Siege Tank  
  62  7:53  Marine  
  61  8:02  Marine  
  60  8:06  Banshee  
  60  8:31  SCV  
  61  8:43  SCV  
  62  8:56  Missile Turret  
  62  9:01  Supply Depot  
  62  9:02  Supply Depot  
  62  9:18  Combat Shield  
  62  9:22  Marine  
  62  9:23  SCV x2, Marauder, Siege Tank  
  70  9:30  Missile Turret  
  70  9:33  Missile Turret  
  70  9:35  SCV x2  
  72  9:40  Marine  
  72  9:42  Command Center  
  72  9:44  Marauder  
  75  9:47  SCV x2  
  77  9:59  SCV  
  78  10:36  Refinery  
  78  10:38  Refinery  
  78  10:47  Supply Depot  
  78  10:54  SCV x2, Marauder x2  
  84  11:06  SCV x2  
  84  11:10  Supply Depot  
  86  11:12  Barracks  
  86  11:13  Barracks  
  86  11:15  Barracks x2, Marauder x2  
  86  11:18  SCV  
  91  11:27  SCV  
  91  11:30  SCV  
  93  11:33  Supply Depot  
  93  11:36  Marine  
  93  11:37  Marauder  
  93  11:39  SCV  
  97  11:41  Missile Turret  
  97  11:42  SCV  
  97  11:44  Missile Turret  
  98  11:52  SCV  
  99  11:54  SCV  
  99  11:55  Marauder  
  99  11:58  Marauder  
  104  12:03  Missile Turret  
  104  12:04  SCV  
  104  12:05  Missile Turret  
  104  12:06  SCV  
  100  12:16  SCV  
  95  12:25  Missile Turret  
  95  12:38  Raven x2  
  99  12:46  Orbital Command  
  99  12:49  Refinery  
  99  12:52  Refinery  
  99  13:06  SCV x2  
  99  13:11  Barracks Reactor x2  
  103  13:13  Marauder x2  
  103  13:16  Barracks Tech Lab x2  
  103  13:18  SCV x2  
  107  13:30  SCV  
  110  13:34  Marauder x2  
  114  13:56  Marauder x2  
  116  14:03  Marine  
  117  14:11  Supply Depot  
  117  14:12  Supply Depot x2  
  117  14:16  Supply Depot x2  
  117  14:17  Supply Depot x2  
  117  14:18  Supply Depot  
  117  14:19  Supply Depot  
  117  14:22  Supply Depot  
  117  14:33  Marauder x2, Marine x5  
  117  14:34  Marauder  
  117  14:36  Supply Depot x2  
  125  14:51  Marine x5  
  130  14:54  Marine  
  130  14:55  Marauder x2  
  130  14:58  Armory  
  135  15:02  Engineering Bay  
  135  15:08  Marine x3  
  135  15:09  Marauder, Marine  
  135  15:12  Marauder  
Show
View Real Time Build Order
Export as new Build Order

qqq Zerg - Winner!

Build Orders: Hatch First 

Get SALT Encoding   

  12  0:02  Drone  
  13  0:11  Drone  
  14  0:38  Hatchery  
  13  0:44  Drone  
  14  0:57  Spawning Pool  
  14  1:02  Overlord  
  13  1:06  Drone  
  14  1:19  Extractor, Drone  
  14  1:23  Drone  
  14  1:25  Drone  
  16  1:36  Drone  
  17  1:44  Queen  
  19  1:47  Drone  
  19  1:52  Queen  
  22  1:56  Drone  
  22  2:01  Drone  
  24  2:05  Drone  
  25  2:11  Drone  
  26  2:16  Drone  
  26  2:18  Overlord  
  27  2:29  Zergling x2  
  28  2:33  Metabolic Boost  
  28  2:34  Evolution Chamber  
  28  2:35  Drone  
  28  2:37  Drone  
  29  2:42  Zergling x2  
  30  2:47  Zergling x2  
  31  2:52  Zergling x2  
  31  2:57  Zergling x2  
  33  3:10  Zergling x6  
  36  3:19  Overlord  
  36  3:20  Overlord  
  36  3:34  Hatchery  
  35  3:41  Zergling x8  
  38  3:42  Drone x3  
  38  3:43  Zergling x2  
  42  3:49  Zergling x4  
  42  3:50  Zergling x2  
  42  3:55  Zerg Melee Weapons Level 1  
  45  4:02  Zergling x2  
  46  4:03  Zergling x4  
  48  4:17  Zergling x2  
  48  4:18  Zergling x2  
  43  4:30  Drone  
  43  4:31  Zergling x2  
  41  4:42  Zergling x2  
  41  4:43  Zergling x2  
  43  4:50  Drone, Overlord  
  44  5:00  Hatchery, Zergling x2  
  44  5:01  Drone x2  
  44  5:02  Drone  
  44  5:03  Drone  
  44  5:04  Zergling x2  
  49  5:11  Hatchery  
  49  5:14  Drone x3  
  49  5:21  Zergling x2  
  52  5:24  Overlord  
  52  5:29  Drone x2  
  52  5:30  Drone  
  55  5:40  Zergling x6  
  55  5:41  Drone x2, Zergling x2  
  58  5:49  Zerg Ground Armor Level 1  
  54  5:57  Zergling x6  
  54  5:58  Zergling x8  
  54  5:59  Zergling x2  
  56  6:21  Zergling x4  
  56  6:22  Zergling x8  
  56  6:23  Zergling x12  
  62  6:33  Zergling x2  
  62  6:37  Drone x2  
  62  6:38  Drone, Zergling x4  
  54  6:53  Drone  
  52  6:55  Zergling x8  
  52  6:56  Zergling x2  
  52  6:57  Zergling x6  
  60  7:08  Drone x3  
  60  7:09  Drone, Zergling x2  
  63  7:18  Hatchery  
  63  7:20  Drone x3  
  65  7:26  Zergling x2  
  65  7:27  Zergling x4, Overlord x2  
  63  7:41  Lair  
  55  7:48  Zergling x2  
  55  7:49  Drone, Zergling x6  
  55  7:50  Drone x5  
  64  8:10  Spore Crawler  
  61  8:18  Zergling x10  
  61  8:19  Drone x2, Zergling x2  
  70  8:20  Drone x2  
  71  8:28  Drone x2  
  71  8:29  Zergling x10  
  71  8:30  Zergling x6  
  81  8:35  Hatchery  
  81  8:38  Overseer  
  81  8:40  Hatchery  
  69  8:43  Zergling x2  
  69  8:44  Drone x3, Zergling x2  
  69  8:45  Drone x3  
  75  8:58  Extractor  
  75  9:00  Zerg Missile Weapons Level 1  
  75  9:01  Roach Warren  
  73  9:05  Drone x4  
  73  9:06  Drone x2  
  73  9:07  Hydralisk Den  
  73  9:09  Drone x3  
  81  9:12  Extractor  
  81  9:13  Zergling x10  
  85  9:20  Drone x3  
  88  9:31  Drone x2  
  88  9:32  Drone  
  88  9:33  Zergling x4  
  88  9:35  Zergling x6  
  96  9:40  Hydralisk  
  98  9:47  Hydralisk x4  
  98  9:49  Drone x2, Lurker Den  
  98  9:50  Drone  
  108  9:55  Hatchery  
  107  10:06  Zergling x2, Overlord x2  
  108  10:07  Drone x4  
  108  10:08  Drone x2  
  114  10:14  Extractor  
  114  10:18  Glial Reconstitution  
  114  10:20  Overlord x3  
  106  10:54  Zerg Melee Weapons Level 2  
  106  10:58  Drone x8  
  106  10:59  Drone x7  
  106  11:02  Extractor x2  
  106  11:03  Extractor  
  118  11:05  Extractor  
  118  11:10  Zergling x2  
  118  11:11  Zergling x4  
  120  11:12  Roach x7  
  120  11:13  Drone x3  
  120  11:14  Drone x2  
  139  11:19  Lurker x2  
  139  11:21  Zergling x12  
  139  11:22  Drone  
  139  11:23  Drone x4  
  152  11:27  Hatchery  
  151  11:33  Drone x8  
  151  11:34  Overlord  
  151  11:35  Overlord  
  159  11:57  Spire  
  158  12:07  Hatchery, Roach x6  
  158  12:08  Roach x2  
  153  12:10  Drone x4  
  153  12:11  Drone  
  153  12:13  Hatchery  
  144  12:19  Overlord x2  
  144  12:22  Spore Crawler  
  135  12:23  Spore Crawler x2  
  135  12:24  Spine Crawler  
  129  12:32  Drone x6  
  129  12:33  Drone x7  
  129  12:34  Drone x3  
  144  12:40  Infestation Pit  
  143  12:46  Extractor  
  143  12:47  Extractor  
  143  12:50  Extractor x2  
  133  13:00  Drone x4  
  133  13:03  Extractor  
  133  13:04  Extractor  
  135  13:06  Drone x2  
  135  13:10  Mutalisk x7  
  135  13:11  Mutalisk x2  
  135  13:12  Zergling x4  
  157  13:13  Drone x4  
  157  13:14  Drone x4  
  160  13:31  Mutalisk  
  160  13:32  Mutalisk x2  
  160  13:33  Zergling x4  
  160  13:34  Zergling x2  
  166  13:35  Drone x5  
  166  13:36  Drone  
  168  13:41  Pneumatized Carapace  
  168  13:42  Overseer  
  138  14:01  Mutalisk x5  
  126  14:03  Zergling x12  
  126  14:04  Zergling x10  
  126  14:05  Zergling x12  
  141  14:17  Drone x8  
  139  14:18  Drone x5  
  138  14:25  Zergling x6  
  138  14:26  Mutalisk x4, Zergling x2  
  138  14:28  Hatchery  
  138  14:29  Roach x4  
  154  14:33  Drone  
  154  14:35  Drone  
  154  14:37  Roach x3  
  148  14:47  Hatchery  
  148  14:50  Roach x5  
  148  14:51  Roach x6  
  148  14:52  Roach x2  
  158  15:04  Mutalisk x2  
  158  15:05  Roach  
  150  15:12  Zergling x8  
  150  15:13  Zergling x12  
  150  15:14  Zergling x4  
Show
View Real Time Build Order
Export as new Build Order

Alximikkk Zerg 

Build Orders: Hatch First 

Get SALT Encoding   

  12  0:00  Drone  
  13  0:12  Overlord  
  13  0:16  Drone  
  14  0:31  Drone x2  
  16  0:38  Drone  
  17  0:54  Hatchery  
  16  1:03  Drone x2  
  18  1:07  Extractor  
  17  1:12  Drone  
  17  1:17  Spawning Pool  
  17  1:20  Drone  
  18  1:33  Drone  
  18  1:39  Overlord  
  19  1:51  Drone  
  20  2:01  Drone  
  21  2:05  Queen  
  21  2:06  Queen  
  25  2:08  Zergling x2  
  25  2:14  Drone  
  27  2:22  Drone  
  28  2:25  Drone  
  28  2:29  Drone  
  30  2:33  Drone  
  31  2:39  Drone  
  31  2:43  Drone  
  33  2:50  Overlord  
  32  3:00  Zergling x4  
  34  3:15  Roach Warren  
  34  3:18  Drone x6  
  39  3:42  Evolution Chamber  
  39  3:43  Overlord x3  
  33  4:09  Roach x9  
  45  4:43  Drone x3  
  45  4:44  Drone x3  
  51  4:52  Zerg Missile Weapons Level 1  
  50  5:19  Roach  
  50  5:20  Roach x4  
  60  5:22  Overlord  
  60  5:24  Overlord x2  
  60  5:44  Drone x4  
  40  6:24  Drone  
  40  6:25  Drone x4  
  45  6:42  Hatchery  
  44  6:54  Lair  
  44  7:00  Drone x4  
  47  7:49  Roach x5  
  57  7:57  Drone  
  57  7:58  Drone x3  
  61  8:01  Queen  
  63  8:11  Glial Reconstitution  
  63  8:15  Zerg Missile Weapons Level 2  
  63  8:23  Roach x4  
  71  8:29  Hydralisk Den  
  71  8:32  Drone x4, Extractor  
  73  9:06  Spore Crawler  
  73  9:08  Spore Crawler  
  73  9:09  Spore Crawler  
  70  9:11  Spore Crawler  
  70  9:12  Drone x3  
  70  9:13  Drone x5  
  77  9:22  Hydralisk x3  
  83  9:40  Overlord x3  
  83  9:41  Overlord  
  83  9:58  Overseer  
  83  10:01  Hydralisk x4  
  91  10:21  Roach  
  91  10:22  Roach x3  
  99  11:00  Grooved Spines  
  99  11:11  Extractor  
  99  11:16  Extractor, Hydralisk  
  99  11:17  Hydralisk  
  101  11:25  Overlord x2  
  101  11:36  Hydralisk x2  
  95  12:11  Muscular Augments  
  81  13:02  Roach x7  
  81  13:03  Roach x14  
  123  13:07  Overseer x4  
  123  13:16  Lurker Den  
  122  13:34  Pneumatized Carapace  
  108  14:18  Drone x15  
  108  14:19  Drone  
Show
View Real Time Build Order
Export as new Build Order

Shpers Protoss 

Build Orders: Mass Adepts 

Get SALT Encoding   

  12  0:00  Probe  
  13  0:12  Probe  
  14  0:17  Pylon  
  14  0:24  Probe  
  15  0:35  Gateway  
  15  0:37  Probe  
  17  0:50  Probe  
  17  1:04  Assimilator  
  17  1:06  Gateway  
  17  1:07  Probe (Chrono Boost)  
  17  1:09  Assimilator  
  18  1:17  Probe (Chrono Boost)  
  19  1:22  Cybernetics Core  
  19  1:25  Probe (Chrono Boost)  
  20  1:37  Probe (Chrono Boost)  
  21  1:45  Probe (Chrono Boost)  
  22  1:52  Pylon  
  22  2:03  Twilight Council  
  22  2:10  Adept x2  
  22  2:11  Warp Gate (Chrono Boost)  
  26  2:17  Probe  
  27  2:38  Resonating Glaives (Chrono Boost)  
  27  2:40  Adept x2  
  31  2:47  Pylon  
  31  2:51  Shield Battery  
  31  2:56  Shield Battery  
  31  3:10  Adept x2  
  35  3:31  Gateway  
  35  3:35  Pylon  
  34  3:50  Gateway  
  34  3:53  Gateway  
  34  3:54  Pylon  
  34  3:55  Adept  
  36  4:16  Adept  
  36  4:17  Adept  
  33  4:26  Probe (Chrono Boost)  
  34  4:35  Probe (Chrono Boost)  
  34  4:36  Adept  
  37  4:49  Dark Shrine  
  37  4:53  Adept x4  
  45  5:22  Stalker  
  45  5:23  Stalker  
  49  5:28  Pylon  
  49  6:01  Dark Templar  
  49  6:02  Dark Templar x2  
  55  6:05  Probe (Chrono Boost)  
  56  6:15  Probe (Chrono Boost)  
  25  7:08  Probe (Chrono Boost)  
  26  7:18  Probe (Chrono Boost)  
  27  7:23  Probe (Chrono Boost)  
  28  7:35  Probe  
  27  7:59  Dark Templar  
  27  8:00  Dark Templar x4  
  35  8:44  Nexus  
  35  8:47  Pylon  
  35  8:51  Pylon  
  35  8:52  Pylon  
  33  8:56  Assimilator  
  33  8:58  Robotics Facility  
  33  9:00  Assimilator  
  33  9:02  Forge  
  33  9:05  Pylon  
  33  9:06  Stalker x2  
  37  9:44  Photon Cannon  
  22  9:58  Stalker x2  
  22  9:59  Stalker  
  3  10:15  Stalker x2  
  7  10:30  Probe (Chrono Boost)  
  8  11:04  Probe  
  9  11:15  Pylon  
  9  11:19  Gateway  
  9  11:20  Probe (Chrono Boost), Observer  
  9  11:21  Gateway  
  10  11:28  Probe (Chrono Boost)  
  11  11:34  Probe  
  12  11:46  Probe  
  11  11:58  Probe  
  8  12:05  Stalker  
  7  12:39  Dark Templar  
  9  12:46  Probe (Chrono Boost)  
  10  12:56  Probe (Chrono Boost)  
  11  13:24  Probe  
  10  13:36  Probe  
  9  13:49  Probe  
  10  14:27  Photon Cannon  
  10  14:29  Pylon  
  10  14:34  Pylon  
  10  14:40  Pylon  
  10  14:55  Photon Cannon  
  10  15:02  Photon Cannon  
Tags
 
Add a new tag
Caveats
  • Supply blocks, unpowered buildings, or Contaminate may cause inaccurate times.
  • Supply counts are checked every 10 seconds.